 Dungeon Crawl Stone Soup version 0.17-a0-1718-g72dbe4d (webtiles) character file.

183 KambridgeKobold the Conjurer (level 5, -2/28 HPs)
             Began as a Deep Elf Conjurer on Aug 26, 2015.
             Killed by nerve-wracking pain
             ... invoked by an orc priest
              (5 damage)
             ... on level 3 of the Dungeon.
             The game lasted 00:13:04 (2221 turns).

KambridgeKobold the Conjurer (Deep Elf Conjurer)    Turns: 2221, Time: 00:13:04

Health: -2/28      AC:  4    Str:  6    XL:     5   Next: 35%
Magic:  4/14       EV: 17    Int: 20    God:
Gold:   72         SH:  0    Dex: 20    Spells: 4 memorised, 6 levels left

rFire  . . .     SeeInvis +     b - -1 dagger (curse)
rCold  . . .     Clarity  .     h - +0 leather armour
rNeg   . . .     SustAt   .     (no shield)
rPois  .         Gourm    .     (no helmet)
rElec  .         Spirit   .     r - +0 cloak
rCorr  .         Warding  .     (no gloves)
rMut   .         Stasis   .     (no boots)
MR     .....                    (no amulet)
Stlth  +++.......               (no ring)
                                n - ring of see invisible

@: agile, very slightly contaminated, not resistant to hostile enchantments,
fairly stealthy
A: no striking features
a: no special abilities


You were on level 3 of the Dungeon.
You were hungry.

You visited 1 branch of the dungeon, and saw 3 of its levels.

You collected 72 gold pieces.

Inventory:

Hand weapons
 a - a +0 short sword
 b - a cursed -1 dagger (weapon)
 e - a +0 dagger
Missiles
 l - 22 sling bullets
Armour
 h - a +0 leather armour (worn)
 o - a +0 robe
 r - a +0 cloak (worn)
Jewellery
 n - a ring of see invisible (left hand)
Scrolls
 i - a scroll of immolation {unknown}
 q - a scroll of blinking {unknown}
 s - a scroll of identify {unknown}
 t - a scroll of noise {unknown}
 v - a scroll of random uselessness {unknown}
Potions
 d - a potion of haste {unknown}
 g - a potion of agility
 j - a potion of curing {unknown}
 u - a potion of poison {unknown}
Books
 m - a book of Maledictions

   Spells                             Type                      Level
   a - Corona                         Hexes                        1
   b - Ensorcelled Hibernation        Hexes/Ice                    2
   c - Confuse                        Hexes                        3
   d - Tukima's Dance                 Hexes                        3
   e - Dazzling Spray                 Conjuration/Hexes            3
 p - a book of Conjurations

   Spells                             Type                      Level
   a - Magic Dart                     Conjuration                  1
   b - Searing Ray                    Conjuration                  2
   c - Dazzling Spray                 Conjuration/Hexes            3
   d - Fulminant Prism                Conjuration/Hexes            4
   e - Iskenderun's Mystic Blast      Conjuration                  4
   f - Iskenderun's Battlesphere      Conjuration/Charms           5
Comestibles
 c - 2 bread rations
 k - 2 royal jellies
 w - 7 chunks of flesh
 x - 6 fruits


   Skills:
 - Level 2.4 Dodging
 - Level 3.0 Stealth
 - Level 5.0 Spellcasting
 - Level 5.2 Conjurations
 + Level 3.2 Hexes
 + Level 1.0 Ice Magic


You had 6 spell levels left.
You knew the following spells:

 Your Spells              Type           Power        Failure   Level  Hunger
a - Magic Dart            Conj           ####         1%          1    None
b - Searing Ray           Conj           ####..       3%          2    None
c - Ensorcelled Hibernat  Hex/Ice        ##....       14%         2    None
d - Dazzling Spray        Conj/Hex       ###.....     12%         3    ##.....


Dungeon Overview and Level Annotations

Branches:
Dungeon (3/15)

Altars:
Yredelemnul


Message History

The orc priest mumbles some strange prayers to Beogh against you.
Pain shoots through your body!
Casting: Searing Ray
Confirm with . or Enter, or press ? or * to list all spells.
Aiming: Searing Ray
Press: ? - help, Shift-Dir - straight line, f/p - orc priest
Aim: an orc priest, wielding a mace and wearing a leather armour (unusually resistant)
The searing ray misses the orc priest.
The orc priest hits you with a mace!
* * * LOW HITPOINT WARNING * * *
Drink which item? (? for menu, Esc to quit)
It was a potion of agility.
You feel agile all of a sudden. The orc priest completely misses you.
Read which item? (? for menu, Esc to quit)
As you read the scroll labeled HIBBUD XETH, it crumbles to dust.
You feel aware of your surroundings.
You sensed 3 altars.
It was a scroll of magic mapping.
The orc priest calls down the wrath of Beogh upon you.
Pain shoots through your body!
You die...

*,*####.####.##..Po≈≈≈≈≈≈(,,*
*,,yy...>....##...P≈≈≈≈≈≈.,,*
***####.####.##o....≈≈≈≈%P,,,
#,* #.##P..P.P≈≈...,,*
#.####.##..PPPPP....,,*
#....).).....###.##**,*
######.###.....,.# *,* #o#
*,*###*** *,*
#@#**,**********,*
#........,,,,,,,,*
#####.###*******,*
*,*,,,******,*
**,*,*,,,,,,,,*
*,,,,,,,,,,,,,,
*,,**,*********
*,,*,,,*****,,,
*,,,,,,,,,,,,**


You could see an orc priest.

Vanquished Creatures
  An orc wizard (D:3)
  An orc priest (D:3)
  Terence (D:2)
  5 adders
  An ooze (D:1)
  A worm (D:2)
  4 giant geckos
  An orc (D:3)
  9 bats
  A giant cockroach (D:3)
  7 goblins
  3 hobgoblins
  3 giant newts
  2 gnoll zombies (D:2)
  2 kobolds (D:2)
  4 rats
46 creatures vanquished.

Notes
Turn   | Place    | Note
--------------------------------------------------------------
     0 | D:1      | KambridgeKobold the Deep Elf Conjurer began the quest for the Orb.
     0 | D:1      | Reached XP level 1. HP: 10/10 MP: 6/6
   338 | D:1      | Reached XP level 2. HP: 15/15 MP: 5/8
   342 | D:1      | Learned a level 2 spell: Searing Ray
   794 | D:2      | Learned a level 2 spell: Ensorcelled Hibernation
   903 | D:2      | Reached XP level 3. HP: 19/19 MP: 7/10
  1072 | D:2      | Reached skill level 1 in Hexes
  1447 | D:2      | Noticed Terence
  1452 | D:2      | Learned a level 3 spell: Dazzling Spray
  1649 | D:2      | Reached XP level 4. HP: 24/24 MP: 8/12
  1658 | D:2      | Found a basalt altar of Yredelemnul.
  1865 | D:2      | Killed Terence
  1865 | D:2      | Reached skill level 5 in Conjurations
  2018 | D:3      | Reached skill level 5 in Spellcasting
  2018 | D:3      | Reached XP level 5. HP: 15/28 MP: 2/14
  2146 | D:3      | Reached skill level 1 in Ice Magic
  2221 | D:3      | Killed from afar by an orc priest

Vault maps used:
D:1:      dpeg_arrival_arbitrary_a
D:2:      lemuel_zombie_altar_yredelemnul, uniq_terence
D:3:      minitemple, guppyfry_early_lair_pool, uniq_iyjb,
          uniq_crazy_yiuf_cottage

Action                   |  1- 3 |  4- 6 || total
-------------------------+-------+-------++-------
Melee: Dagger            |     7 |     2 ||     9
 Cast: Magic Dart        |    49 |     9 ||    58
       Searing Ray       |    10 |     8 ||    18
       Ensorcelled Hiber |     3 |     3 ||     6
       Dazzling Spray    |     2 |     2 ||     4
  Use: Scroll            |       |     1 ||     1
       Potion            |       |     1 ||     1
 Stab: Invisible         |     1 |       ||     1
       Sleeping          |     1 |       ||     1
  Eat: Chunk             |     2 |     2 ||     4
